cohdb
Replays
Latest Replays
All Replays
Popular Replays
Top Player Replays
Match Explorer
How It Works
Community
CoH3 Stats
Reddit
Sign in to upload your games and track your stats! →
Sign in with Steam
Match 38843213
Unlisted
Match 38843213
Overview
Messages
Build Orders
End
Selects Armored Battlegroup
Selects Assault Engineers
Assault Engineer Squad
Construct Barracks
Riflemen Squad
M1 Mortar Team
Construct Weapon Support Center
M1919 Machine Gun Team
Grenade Package
Mechanized Support Center
Selects Fast Deploy
Construct Motor Pool
Selects M31 Recovery Vehicle
AI Takeover
Daddy Long Legs
EastFR
Michmaster [AUT]
Frenchie
mjg042
Whiskas
Oncle-Hô
Akoo79
0
0
Comments
sign in to comment!
No comments posted yet!